 Dungeon Crawl Stone Soup version 0.29.1-15-g9cfb28693d (webtiles) character file.

Game seed: 4567487801395904230

2041 Smoke131 the Fighter (level 9, -6/96 HPs)
             Began as an Ogre Gladiator on Feb 28, 2023.
             Was a Follower of Okawaru.
             Mangled by an orc warrior
             ... wielding a +0 mace
              (15 damage)
             ... in the Ecumenical Temple.
             The game lasted 00:13:07 (8210 turns).

Smoke131 the Fighter (Ogre Gladiator)               Turns: 8210, Time: 00:13:07

Health: -6/96      AC:  4    Str: 24    XL:     9   Next: 24%
Magic:  9/9        EV: 10    Int:  9    God:    Okawaru [*.....]
Gold:   354        SH:  0    Dex: 10    Spells: 8/8 levels left

rFire   . . .      SeeInvis .   a - +0 war axe (chaos)
rCold   . . .      Faith    .   (no shield)
rNeg    . . .      Spirit   .   b - +0 robe
rPois   .          Reflect  .   c - +0 hat
rElec   .          Harm     .   v - +0 cloak
rCorr   .          Rampage  .   (gloves unavailable)
Will    .....      Clarity  +   (boots unavailable)
Stlth   +.........              (no amulet)
HPRegen 0.26/turn               (no ring)
MPRegen 0.11/turn               (no ring)

@: no status effects
A: large, unfitting armour, tough skin 1, clarity, MP-powered wands
a: Renounce Religion, Heroism


You were in the Ecumenical Temple.
You worshipped Okawaru.
Okawaru was aware of your devotion.
You visited 2 branches of the dungeon, and saw 7 of its levels.

You collected 354 gold pieces.

Inventory:

Hand Weapons
 a - a +0 war axe of chaos (weapon)
Missiles
 d - 3 throwing nets
 g - 5 javelins
 h - 2 boomerangs (quivered)
 i - 62 stones
 m - 5 poisoned darts
 r - 5 curare-tipped darts
Armour
 b - a +0 robe (worn)
 c - a +0 hat (worn)
 v - a +0 cloak (worn)
Jewellery
 n - a ring of magical power
Wands
 e - a wand of flame (50)
 k - a wand of paralysis (5)
Scrolls
 l - 8 scrolls of identify
 p - 2 scrolls of enchant armour {unknown}
 q - a scroll of torment {unknown}
 t - a scroll of teleportation
Potions
 f - a potion of mutation
 j - a potion of attraction
 o - a potion of cancellation


   Skills:
 + Level 8.1 Fighting
 + Level 6.6 Axes
 + Level 6.2 Throwing
 + Level 4.7 Armour
 - Level 3.0 Dodging


You had 8 spell levels left.
You didn't know any spells.
Your spell library contained the following spells:

 Spells                   Type           Power      Damage    Failure   Level
 Airstrike                Air            0%         2d(0-16)  99%         4
 Lightning Bolt           Conj/Air       0%         1d11      100%        5
 Summon Lightning Spire   Summ/Air       Unusable   N/A       N/A         4

Dungeon Overview and Level Annotations

Branches:
Dungeon (6/15)             Temple (1/1) D:6

Altars:
Okawaru
Uskayaw
Zin

Shops:
D:3 *

Annotations:
D:6 Menkaure


Innate Abilities, Weirdness & Mutations

You are too large for most types of armour.
You have tough skin. (AC +1)
You possess an exceptional clarity of mind.
You expend magic power (3 MP) to strengthen your wands.


Message History

Okawaru accepts your kill. The adder barely misses you.
The orc wizard casts a spell.
The orc wizard flickers and vanishes!
The orc barely misses you. The adder barely misses you.
Your life force feels restored.
You hit the adder. You burn the adder.
The adder is almost dead.
You hit the orc but do no damage.
The orc seems to grow stronger.
You hit something but do no damage. The orc hits you with a +0 flail!
An ogre comes into view. It is wielding a +0 giant spiked club.
The adder bites you. Something hits you! The orc misses you.
The ogre moves out of view.
You slice the adder!!
You kill the adder!
Okawaru accepts your kill.
You hit something but do no damage. You hit the orc but do no damage.
The orc hits you with a +0 flail. Something hits you!
An orc comes into view. It is wielding a +0 hand axe.
You slice the orc!!
You kill the orc!
Okawaru accepts your kill.
You hit something but do no damage. Something hits you.
An orc priest comes into view. It is wielding a +0 war axe.
The orc drinks a potion.
The orc flickers and vanishes!
The orc priest shouts!
Something hits you.
There is a staircase to the Ecumenical Temple, spattered with blood here.
Items here: ))) = [[ ††.
Something hits you!
You climb downwards.
Welcome to the Ecumenical Temple!
Reactivating autopickup.
There is a staircase back to the Dungeon here.
Something hits you!
* * * LOW HITPOINT WARNING * * *
Deactivating autopickup; reactivate with Ctrl-A.
You start resting.
Something hits you!!
* * * LOW HITPOINT WARNING * * *
You feel better. Something hits you!
You die...

♣♣ ♣♣P♣♣
♣♣♣...♣♣
♣P.....♣♣.♣
♣<@......♣
♣.....♣♣♣.
♣♣...♣♣
♣♣♣♣♣


There were no monsters in sight!

Vanquished Creatures
  Grinder (D:5)
  Prince Ribbit (D:5)
  Sigmund (D:3)
  A wyvern (D:6)
  Duvessa (D:5)
  2 black bears
  2 ice beasts
  An ogre (D:5)
  3 scorpions
  A necrophage (D:6)
  Dowan (D:5)
  A howler monkey (D:6)
  5 hounds
  4 iguanas
  An orc wizard (D:4)
  3 gnolls (D:6)
  5 adders
  A shadow imp (D:5)
  3 ufetubi (D:5)
  3 worms
  2 dart slugs
  12 orcs
  9 ball pythons
  8 bats
  2 endoplasms
  7 goblins
  7 hobgoblins
  16 jackals
  4 kobolds
  5 quokkas
  4 frilled lizards
  13 rats
130 creatures vanquished.

Vanquished Creatures (others)
  4 toadstools (D:1)
4 creatures vanquished.

Grand Total: 134 creatures vanquished

Notes
Turn   | Place    | Note
-------+----------+-------------------------------------------
     0 | D:1      | Smoke131 the Ogre Gladiator began the quest for the Orb.
     0 | D:1      | Reached XP level 1. HP: 22/22 MP: 1/1
   396 | D:1      | Reached XP level 2. HP: 29/29 MP: 2/2
   527 | D:1      | Found a faded altar of an unknown god.
   543 | D:1      | Reached skill level 3 in Fighting
  1273 | D:2      | Reached XP level 3. HP: 28/37 MP: 3/3
  1513 | D:2      | Noticed a scorpion
  1531 | D:2      | Killed a scorpion
  1532 | D:2      | Reached skill level 1 in Armour
  1532 | D:2      | Reached XP level 4. HP: 23/48 MP: 4/4
  2453 | D:2      | Reached XP level 5. HP: 54/54 MP: 5/5
  2939 | D:3      | Reached skill level 4 in Fighting
  2971 | D:3      | Found Zin's Purification Station.
  2971 | D:3      | Found a glowing silver altar of Zin.
  3022 | D:3      | HP: 2/54 [poisoned by a scorpion]
  3234 | D:3      | Noticed an ice beast
  3247 | D:3      | Killed an ice beast
  3248 | D:3      | Reached XP level 6. HP: 43/63 MP: 6/6
  3590 | D:3      | Noticed Sigmund
  3599 | D:3      | Killed Sigmund
  3600 | D:3      | Reached skill level 5 in Fighting
  3600 | D:3      | Reached XP level 7. HP: 49/72 MP: 7/7
  4201 | D:4      | Paralysed by a goblin for 4 turns
  4210 | D:4      | Paralysed by a goblin for 3 turns
  4387 | D:4      | Gained mutation: You expend magic power (3 MP) to
                  | strengthen your wands. [potion of mutation]
  4387 | D:4      | Gained mutation: You possess an exceptional clarity of
                  | mind. [potion of mutation]
  4747 | D:4      | Found an iron altar of Okawaru.
  5032 | D:4      | Became a worshipper of Warmaster Okawaru
  5223 | D:4      | Reached skill level 5 in Axes
  5318 | D:4      | Reached skill level 6 in Fighting
  5601 | D:5      | Entered Level 5 of the Dungeon
  5691 | D:5      | Reached XP level 8. HP: 83/83 MP: 8/8
  5700 | D:5      | Noticed Prince Ribbit
  5714 | D:5      | Killed Prince Ribbit
  5932 | D:5      | Noticed Grinder
  5940 | D:5      | Killed Grinder
  5941 | D:5      | Reached skill level 5 in Throwing
  5945 | D:5      | Reached skill level 7 in Fighting
  6323 | D:5      | Found a hide-covered altar of Uskayaw.
  6766 | D:5      | Noticed Dowan
  6767 | D:5      | Noticed Duvessa
  6792 | D:5      | Killed Duvessa
  6799 | D:5      | Killed Dowan
  7778 | D:6      | Noticed Menkaure
  7784 | D:5      | Reached * piety under Okawaru
  7785 | D:5      | Reached XP level 9. HP: 94/94 MP: 9/9
  7885 | D:6      | Found a staircase to the Ecumenical Temple.
  7916 | D:6      | Reached skill level 8 in Fighting
  8207 | Temple   | Entered the Ecumenical Temple
  8209 | Temple   | HP: 4/96 [something (18)]
  8210 | Temple   | Mangled by an orc warrior

Illustrated notes

Levels and vault maps discovered:
D:1:      ldierk_walled_garden_2, layout_loops_ring,
          chequers_ecumenical_altar_simple_redux
D:2:      layout_basic
D:3:      layout_basic, zin_purify, uniq_sigmund
D:4:      layout_loops_ring, okawaru_ov_weapons_minmay
D:5:      layout_layer_cave, lemuel_tele_altar, uniq_grinder,
          uniq_prince_ribbit1, uniq_duvessa
D:6:      layout_rooms, mainiacjoe_overflow_chevrons,
          minmay_temple_entry_statues_fountains, nicolae_lava_and_water,
          kennysheep_generic_room_15, uniq_menkaure
Temple:   minmay_temple_forest_path

Skill      XL: |  1  2  3  4  5  6  7  8  9 |
---------------+----------------------------+-----
Fighting       | 3 4 5 6 7 8 |  8.1
Dodging        | 3 |  3.0
Armour         | 1 2 3 4 |  4.7
Throwing       | 3 4 5 6 |  6.2
Axes           | 4 5 6 |  6.6

Action                   |  1- 3 |  4- 6 |  7- 9 || total
-------------------------+-------+-------+-------++-------
Melee: War axe           |    72 |   138 |   189 ||   399
       Punch             |       |     1 |     3 ||     4
Throw: Large rock        |     1 |     2 |       ||     3
       Boomerang         |       |     4 |    15 ||    19
Evoke: Wand              |       |       |     2 ||     2
  Use: Potion            |       |     4 |     2 ||     6
       Scroll            |       |       |    13 ||    13
 Stab: Sleeping          |     2 |     1 |       ||     3
       Paralysed         |       |       |     5 ||     5
       Confused          |       |       |     1 ||     1
       Petrified         |       |       |     1 ||     1
Armor: Robe              |    24 |    53 |    67 ||   144
Dodge: Dodged            |    51 |   103 |   125 ||   279
